 Dungeon Crawl Stone Soup version 0.30-a0-845-g7c6808c8ce (webtiles) character file.

Game seed: 949637466319705864

79 ders the Magician (level 4, 0/31 HPs)
             Began as a Djinni Conjurer on Mar 3, 2023.
             Slain by a goblin
             ... wielding a +0 club
             ... led by Robin
              (1 damage)
             ... on level 2 of the Dungeon.
             The game lasted 00:01:28 (853 turns).

ders the Magician (Djinni Conjurer)                  Turns: 853, Time: 00:01:28

Health: 0/31       AC:  3    Str:  4 (6)  XL:     4   Next: 64%
Gold:   111        EV: 12    Int: 19 (22) God:
                   SH:  0    Dex: 10 (11)

rFire   + + .      SeeInvis .    (no weapon)
rCold   x . .      Faith    .    (no shield)
rNeg    . . .      Spirit   .    a - +0 robe
rPois   ∞          Reflect  .    (no helmet)
rElec   .          Rampage  .    k - scarf {+Inv}
rCorr   .                        d - +0 pair of gloves
Will    .....                    (boots unavailable)
Stlth   ++                       (no amulet)
HPRegen 0.25/turn                (no ring)
MPRegen 0.00/turn                (no ring)

@: on berserk cooldown, flying, slowed, very slow
A: sickness immunity, fire resistance 2, cold vulnerability 1, float, innate
caster, HP casting, extra vitality 1
a: Evoke Invisibility


You were on level 2 of the Dungeon.
You visited 1 branch of the dungeon, and saw 2 of its levels.

You collected 111 gold pieces.

Inventory:

Armour
 a - a +0 robe (worn)
 d - a +0 pair of gloves (worn)
 k - a scarf of invisibility (worn)
Scrolls
 b - 2 scrolls of magic mapping {unknown}
 c - 2 scrolls of identify {unknown}
 e - 2 scrolls of teleportation {unknown}
 g - a scroll of acquirement {unknown}
 i - a scroll of vulnerability {unknown}
 j - a scroll of amnesia {unknown}
Potions
 l - a potion of magic


   Skills:
 - Level 2.1 Dodging
 - Level 1.5 Stealth
 + Level 4.5 Spellcasting


You knew the following spells:

 Your Spells              Type           Power      Damage    Failure   Level
a - Magic Dart            Conj           84%        1d7       1%          1
b - Searing Ray           Conj           42%        2d6       3%          2
c - Dazzling Flash        Conj/Hex       42%        N/A       6%          3
d - Fulminant Prism       Conj/Hex       10%        3d8       21%         4
e - Iskenderun's Mystic   Conj/Tloc      21%        2d6       21%         4
f - Necrotise             Necr           84%        1d8       1%          1
Your spell library was empty.

Dungeon Overview and Level Annotations

Branches:
Dungeon (2/15)

Altars:


Innate Abilities, Weirdness & Mutations

You are immune to sickness and miasma.
You are immune to poison.
Your flesh is very heat resistant. (rF++)
You are vulnerable to cold. (rC-)
You float through the air rather than walking.
You learn spells naturally, not from books.
Your magical power is your life essence.
You have superior vitality. (+4 MHP)


Message History

It was a potion of degeneration.
There was something very wrong with that liquid.
You feel weakened.
You feel dopey.
You feel clumsy.
Robin roars a battlecry!
You hear a shout!
It was a potion of berserk rage.
A red film seems to cover your vision as you go berserk!
You feel yourself moving faster!
You feel mighty!
A goblin comes into view. It is wielding a +0 dagger.
You are too berserk!
You feel a strong urge to attack something. 2 goblins come into view.
The goblin shouts! x2
The goblin no longer looks unusually strong.
Robin roars a battlecry!
The goblin goes into a battle-frenzy!
You punch Robin!
Robin is severely wounded.
The goblin no longer looks unusually strong.
The hobgoblin closely misses you. Robin throws the goblin at you!
You closely miss Robin.
Robin is severely wounded.
You hit Robin.
You kill Robin!
The hobgoblin no longer looks unusually strong.
The goblin hits you with a +0 club.
* * * LOW HITPOINT WARNING * * *
The hobgoblin hits you.
* * * LOW HITPOINT WARNING * * *
A hobgoblin comes into view.
The goblin no longer looks unusually strong. x2
You feel a strong urge to attack something.
You are no longer berserk.
You are exhausted.
You feel yourself slow down.
It was a potion of magic.
Magic washes over you without effect. The goblin hits you with a +0 club.
* * * LOW HITPOINT WARNING * * *
The goblin hits you with a +0 club.
You die...

.........................>######.
##.##.###.###...####...##.#.....)
##.##.....###...#.......#.#.....)
............#...#.##....#.#......
##.########.#...#.##....#.#......
##.# #.###.#.##...........)) ##.#
#.###.#...........####. ...
#....g................. ...
#)##.g@................ .....
#...g...##............. .....
##)..g...##.....#....... ..####
#....g....#.............
#.)gg....##...<.........
#.)......##.............
#†.......#...###.#..#.#.
#..(.......#........#.#.
#.#####...######....#)#.


You could see 2 hobgoblins and 5 goblins.

Vanquished Creatures
  Terence (D:2)
  Robin (D:2)
  An adder (D:2)
  2 dart slugs
  An endoplasm (D:2)
  A giant cockroach (D:1)
  6 goblins
  3 hobgoblins
  4 jackals (D:2)
  4 kobolds
  4 ball pythons (D:1)
  3 bats (D:1)
  A frilled lizard (D:2)
  A rat (D:1)
33 creatures vanquished.

Notes
Turn   | Place    | Note
-------+----------+-------------------------------------------
     0 | D:1      | ders the Djinni Conjurer began the quest for the Orb.
     0 | D:1      | ders set off with the following spells memorised: Magic
                  | Dart, Searing Ray, Dazzling Flash, Fulminant Prism,
                  | Iskenderun's Mystic Blast.
     0 | D:1      | Reached XP level 1. HP: 15/15 MP: 0/0
    67 | D:1      | Found a faded altar of an unknown god.
   237 | D:1      | Reached XP level 2. HP: 16/21 MP: 0/0
   587 | D:2      | Reached XP level 3. HP: 23/25 MP: 0/0
   587 | D:2      | Learned a level 1 spell: Necrotise
   642 | D:2      | Noticed Terence
   644 | D:2      | Reached skill level 4 in Spellcasting
   651 | D:2      | Killed Terence
   652 | D:2      | Reached XP level 4. HP: 18/31 MP: 0/0
   827 | D:2      | Noticed Robin
   848 | D:2      | Killed Robin
   853 | D:2      | HP: 1/31 [goblin/+0 club[Robin] (2)]
   853 | D:2      | Slain by a goblin

Illustrated notes

Levels and vault maps discovered:
D:1:      saegor_arrival_simple_c, layout_rooms, ebering_ecumenical_altar_box
D:2:      layout_basic, kennysheep_decorative_pillar, uniq_terence, uniq_robin

Skill      XL: |  1  2  3 |
---------------+----------+-----
Spellcasting   | 4 |  4.5
Dodging        | |  2.1
Stealth        | |  1.5

Action                     |  1- 3 |  4- 6 || total
---------------------------+-------+-------++-------
  Melee: Unarmed           |       |     3 ||     3
   Cast: Magic Dart        |    40 |    20 ||    60
         Searing Ray       |     2 |     5 ||     7
    Use: Potion            |       |     3 ||     3
 Armour: Robe              |     2 |     1 ||     3
  Dodge: Dodged            |     7 |     8 ||    15

Table legend: (Time is in decaauts)
 A = Elapsed time spent in this place.
 B = Non-inter-level travel time spent in this place.
 C = Inter-level travel time spent in this place.
 D = Time resting spent in this place.
 E = Time spent auto-exploring this place.
 F = Levels seen in this place.
 G = Mean time per level.
                   A        B        C        D        E       F      G
               +--------+--------+--------+--------+--------+-----+--------+
         Total |    850 |    820 |     30 |     51 |    630 |   2 |  425.0 |
       Dungeon |    850 |    820 |     30 |     51 |    630 |   2 |  425.0 |
               +--------+--------+--------+--------+--------+-----+--------+

Top non-repeatable levels by time:
     D:1: 515 daAuts
     D:2: 335 daAuts
